 Dungeon Crawl Stone Soup version 0.30-a0-847-g17996783a1 (webtiles) character file.

Game seed: 13792419185624543841

32 Newt the Shooter (level 3, -2/24 HPs)
             Began as a Kobold Hunter on Mar 3, 2023.
             Slain by a hound (4 damage)
             ... on level 4 of the Dungeon.
             The game lasted 00:01:11 (1540 turns).

Newt the Shooter (Kobold Hunter)                    Turns: 1540, Time: 00:01:12

Health: -2/24      AC:  3    Str:  8    XL:     3   Next: 42%
Magic:  3/3        EV: 11    Int: 10    God:
Gold:   60         SH:  8    Dex: 20    Spells: 2/2 levels left

rFire   . . .      SeeInvis .    e - +0 sling
rCold   . . .      Faith    .    f - +0 kite shield
rNeg    . . .      Spirit   .    c - +0 leather armour
rPois   .          Reflect  .    (no helmet)
rElec   .          Rampage  .    (no cloak)
rCorr   .                        (no gloves)
Will    .....                    (no boots)
Stlth   +++                      (no amulet)
HPRegen 0.24/turn                (no ring)
MPRegen 0.08/turn                (no ring)

@: no status effects
A: small, no large weapons, nightstalker 3
a: no special abilities


You were on level 4 of the Dungeon.
You visited 1 branch of the dungeon, and saw 3 of its levels.

You collected 60 gold pieces.

Inventory:

Hand Weapons
 a - a +0 shortbow
 e - a +0 sling (weapon)
Missiles
 j - 4 silver boomerangs
Armour
 c - a +0 leather armour (worn)
 f - a +0 kite shield (worn)
Jewellery
 k - an amulet of reflection
Scrolls
 b - a scroll of immolation
 d - 3 scrolls of silence {unknown}
 h - a scroll of fear
Potions
 g - a potion of invisibility
 i - a potion of attraction {unknown}


   Skills:
 * Level 3.9 Fighting
 - Level 5.3 Ranged Weapons
 - Level 2.4 Dodging
 - Level 1.4 Stealth


You had 2 spell levels left.
You didn't know any spells.
Your spell library was empty.

Dungeon Overview and Level Annotations

Branches:
Dungeon (2/15)

Altars:


Innate Abilities, Weirdness & Mutations

You are small and have problems with some larger weapons.
You are completely attuned to the shadows.


Message History

The sling bullet hits the hound but does no damage.
The hound is moderately wounded.
You block the hound's attack. The hound barely misses you.
You shoot a sling bullet.
The sling bullet closely misses the hound.
The hound bites you but does no damage. The hound bites you. x2
You shoot a sling bullet.
The sling bullet closely misses the hound.
You block the hound's attack. The hound barely misses you.
You shoot a sling bullet.
The sling bullet barely misses the hound.
The hound closely misses you. The hound bites you.
You are too injured to fight recklessly!
You are too injured to fight recklessly!
You are too injured to fight recklessly!
Unknown command.
You shoot a sling bullet.
The sling bullet hits the hound but does no damage.
The hound is moderately wounded.
The hound bites you. x2
* * * LOW HITPOINT WARNING * * *
You shoot a sling bullet.
The sling bullet hits the hound but does no damage.
The hound is moderately wounded.
The hound barely misses you. x2; The hound bites you.
* * * LOW HITPOINT WARNING * * *
You shoot a sling bullet. The sling bullet hits the hound.
The hound is severely wounded.
The hound completely misses you. You block the hound's attack.
You shoot a sling bullet. The sling bullet hits the hound.
The hound is almost dead.
The hound closely misses you. The hound barely misses you.
A worm comes into view.
You shoot a sling bullet.
The sling bullet hits the hound but does no damage.
The hound is almost dead.
The hound bites you.
* * * LOW HITPOINT WARNING * * *
The hound bites you.
You die...

######## ..
#..@h...
#.#.##w######
#...#.#.#.##.......
#...#.#.#.##.######
.#................
.............#####
..........####
.#...#.#.##
.....#.###


You could see a worm and a hound.

Vanquished Creatures
  A bat (D:1)
  2 endoplasms
  6 giant cockroaches
  A goblin (D:1)
  A hobgoblin (D:2)
  A quokka (D:1)
  9 ball pythons
  A frilled lizard (D:1)
  5 kobolds (D:1)
  A rat (D:1)
28 creatures vanquished.

Notes
Turn   | Place    | Note
-------+----------+-------------------------------------------
     0 | D:1      | Newt the Kobold Hunter began the quest for the Orb.
     0 | D:1      | Reached XP level 1. HP: 12/12 MP: 1/1
   169 | D:1      | Reached XP level 2. HP: 18/18 MP: 2/2
   170 | D:1      | Found a faded altar of an unknown god.
   900 | D:1      | Reached XP level 3. HP: 23/23 MP: 3/3
  1453 | D:2      | You fall into a shaft and drop 2 floors!
  1540 | D:4      | Slain by a hound

Illustrated notes

Levels and vault maps discovered:
D:1:      dpeg_arrival_prison, layout_loops_cross,
          nicolae_ecumenical_snake_handling, nicolae_figureground_pulse
D:2:      layout_basic, kennysheep_generic_room_14
D:4:      minmay_chambers_of_fours, layout_basic

Skill      XL: |  1  2 |
---------------+-------+-----
Fighting       | 3 |  3.9
Ranged Weapons | |  5.3
Dodging        | |  2.4
Stealth        | |  1.4

Action                     || total
---------------------------++-------
   Fire: Shortbow          ||    28
         Sling             ||    41
    Use: Scroll            ||     3
 Armour: Leather armour    ||     7
  Dodge: Dodged            ||    27
  Block: Kite shield       ||    10

Table legend: (Time is in decaauts)
 A = Elapsed time spent in this place.
 B = Non-inter-level travel time spent in this place.
 C = Inter-level travel time spent in this place.
 D = Time resting spent in this place.
 E = Time spent auto-exploring this place.
 F = Levels seen in this place.
 G = Mean time per level.
                   A        B        C        D        E       F      G
               +--------+--------+--------+--------+--------+-----+--------+
         Total |   1567 |   1463 |    104 |    140 |   1148 |   3 |  522.3 |
       Dungeon |   1567 |   1463 |    104 |    140 |   1148 |   3 |  522.3 |
               +--------+--------+--------+--------+--------+-----+--------+

Top non-repeatable levels by time:
     D:1: 1133 daAuts
     D:2: 339 daAuts
     D:4: 94 daAuts
